Map: Ruins of Seras

Players

MCanning - Winner!

  • Race: Protoss Protoss
  • League: Grandmaster

DrinkNosNRG

  • Race: Zerg Zerg
  • League: Master

VOD

http://www.twitch.tv/mcanning/v/30690643

Description

Time

  • Played on: Dec. 19, 2015, 1:48 a.m.
  • Length: 15:00
Show
View Real Time Build Order
Export as new Build Order

MCanning Protoss - Winner!

Build Orders: 1 Gate Expand 

Get SALT Encoding   

  12  0:01  Probe (Chrono Boost)  
  13  0:12  Probe (Chrono Boost)  
  14  0:19  Pylon  
  14  0:22  Probe (Chrono Boost)  
  15  0:37  Probe (Chrono Boost)  
  15  0:42  Gateway  
  16  0:48  Probe (Chrono Boost)  
  17  0:58  Probe (Chrono Boost)  
  17  0:59  Assimilator  
  18  1:09  Probe (Chrono Boost)  
  19  1:22  Nexus  
  19  1:33  Cybernetics Core  
  19  1:35  Probe (Chrono Boost)  
  20  1:44  Assimilator  
  21  1:48  Zealot (Chrono Boost)  
  22  1:56  Pylon  
  22  2:02  Pylon  
  22  2:11  Mothership Core (Chrono Boost)  
  23  2:17  Adept  
  23  2:18  Gateway  
  25  2:24  Warp Gate (Chrono Boost)  
  26  2:30  Probe (Chrono Boost)  
  26  2:41  Probe  
  27  2:49  Sentry (Chrono Boost)  
  29  2:53  Probe  
  30  3:06  Probe  
  30  3:12  Nexus  
  30  3:23  Probe (Chrono Boost)  
  31  3:34  Pylon  
  31  3:37  Pylon  
  30  3:41  Probe (Chrono Boost)  
  31  3:52  Probe (Chrono Boost)  
  32  3:56  Robotics Facility  
  32  3:58  Gateway  
  32  4:04  Gateway  
  32  4:15  Gateway  
  32  4:19  Probe (Chrono Boost)  
  33  4:27  Probe (Chrono Boost)  
  33  4:29  Probe (Chrono Boost)  
  35  4:33  Sentry x2  
  35  4:37  Probe (Chrono Boost)  
  40  4:40  Probe (Chrono Boost)  
  40  4:44  Observer (Chrono Boost)  
  42  4:46  Probe (Chrono Boost)  
  42  4:51  Probe (Chrono Boost)  
  44  4:54  Forge  
  44  4:58  Probe (Chrono Boost)  
  45  5:02  Probe (Chrono Boost)  
  45  5:06  Observer  
  47  5:09  Probe (Chrono Boost)  
  47  5:13  Probe (Chrono Boost)  
  49  5:16  Stalker x2  
  53  5:23  Probe (Chrono Boost)  
  53  5:25  Robotics Bay  
  53  5:28  Probe (Chrono Boost)  
  55  5:34  Probe (Chrono Boost)  
  56  5:37  Assimilator  
  56  5:41  Assimilator  
  56  5:42  Probe (Chrono Boost)  
  57  5:43  Protoss Ground Weapons Level 1  
  57  5:47  Probe (Chrono Boost)  
  58  5:53  Probe (Chrono Boost)  
  59  5:58  Probe (Chrono Boost)  
  59  6:03  Probe (Chrono Boost)  
  61  6:07  Probe (Chrono Boost)  
  62  6:18  Twilight Council  
  62  6:20  Pylon  
  62  6:29  Nexus  
  62  6:31  Pylon  
  62  6:32  Pylon  
  62  6:34  Pylon  
  62  6:37  Probe  
  62  6:38  Probe  
  62  6:39  Disruptor (Chrono Boost), Pylon  
  67  6:46  Sentry  
  69  6:47  Probe  
  69  6:50  Probe  
  69  6:51  Disruptor (Chrono Boost)  
  69  6:53  Disruptor (Chrono Boost)  
  71  6:54  Stalker  
  71  6:55  Stalker x2  
  71  6:58  Probe, Blink  
  78  7:05  Probe  
  78  7:06  Dark Shrine  
  79  7:10  Gateway  
  79  7:15  Disruptor (Chrono Boost)  
  82  7:20  Stalker  
  84  7:27  Stalker x2  
  84  7:29  Probe  
  89  7:31  Probe  
  90  7:41  Probe x2  
  90  7:43  Zealot  
  94  7:45  Probe  
  94  7:46  Disruptor (Chrono Boost)  
  98  7:52  Probe  
  98  7:53  Probe  
  98  7:54  Adept x2  
  98  7:55  Probe  
  105  8:02  Probe  
  105  8:03  Stalker x2  
  106  8:10  Zealot  
  94  8:18  Zealot x2  
  92  8:24  Probe  
  93  8:27  Zealot x2  
  94  8:38  Zealot x3  
  87  8:49  Stalker  
  87  8:53  Zealot x2  
  76  8:59  Stalker  
  72  9:05  Dark Templar x2  
  68  9:14  Dark Templar  
  66  9:17  Probe  
  66  9:23  Probe  
  68  9:32  Probe  
  68  9:33  Disruptor (Chrono Boost)  
  72  9:46  Probe  
  71  9:55  Probe  
  72  10:04  Disruptor (Chrono Boost)  
  75  10:16  Stalker x4  
  83  10:35  Disruptor (Chrono Boost)  
  84  10:38  Adept  
  84  10:39  Adept x3  
  92  10:43  Pylon  
  92  10:45  Pylon  
  92  10:47  Pylon  
  92  10:51  Photon Cannon  
  92  10:52  Pylon  
  92  11:03  Probe  
  93  11:06  Disruptor (Chrono Boost)  
  93  11:08  Stalker, Photon Cannon  
  93  11:09  Stalker  
  100  11:21  Adept x3  
  100  11:22  Probe  
  100  11:23  Probe  
  108  11:29  Zealot  
  110  11:38  Disruptor (Chrono Boost)  
  110  11:39  Probe  
  114  11:46  Stalker x3  
  120  11:53  Probe  
  121  12:05  Stalker x2  
  125  12:09  Pylon  
  125  12:10  Pylon  
  123  12:27  Stalker x2  
  123  12:28  Stalker, Disruptor (Chrono Boost)  
  132  12:30  Probe  
  132  12:34  Assimilator  
  132  12:35  Probe  
  134  12:41  Assimilator  
  134  12:45  Stalker x3  
  134  12:51  Pylon  
  140  12:57  Pylon  
  138  12:59  Disruptor (Chrono Boost)  
  139  13:09  Zealot x3  
  139  13:10  Zealot x2  
  137  13:27  Probe  
  137  13:28  Probe  
  137  13:32  Stalker x2  
  137  13:33  Stalker x4  
  145  13:53  Pylon  
  145  14:00  Nexus  
  141  14:03  Probe  
  141  14:04  Probe  
  133  14:16  Stalker x3  
  133  14:17  Stalker x3  
  137  14:20  Probe  
  142  14:26  Probe  
  140  14:51  Stalker x3  
  140  14:52  Stalker x3  
Show
View Real Time Build Order
Export as new Build Order

DrinkNosNRG Zerg 

Build Orders: Pool First 

Get SALT Encoding   

  12  0:00  Drone  
  13  0:09  Drone  
  14  0:25  Spawning Pool  
  13  0:29  Drone  
  13  0:34  Extractor  
  14  0:35  Drone  
  14  0:49  Overlord  
  14  0:56  Drone, Extractor  
  15  1:12  Zergling x4  
  15  1:13  Zergling x2  
  15  1:17  Queen  
  20  1:23  Zergling x2  
  21  1:34  Metabolic Boost  
  21  1:37  Zergling x2  
  22  1:59  Hatchery  
  21  2:01  Drone  
  22  2:12  Overlord  
  22  2:27  Overlord  
  22  2:31  Drone x4  
  22  2:36  Drone  
  27  2:48  Drone  
  28  2:59  Hatchery  
  28  3:04  Drone  
  27  3:06  Drone  
  27  3:11  Overlord  
  28  3:14  Drone  
  29  3:21  Drone  
  29  3:22  Drone  
  29  3:24  Drone  
  31  3:31  Queen  
  33  3:35  Drone  
  33  3:36  Drone  
  33  3:40  Drone  
  36  3:46  Drone x2, Extractor  
  37  3:53  Roach Warren  
  37  3:54  Drone  
  37  3:58  Drone  
  38  4:03  Drone  
  38  4:05  Drone  
  38  4:06  Drone  
  41  4:11  Overlord  
  41  4:12  Drone x2  
  43  4:19  Queen  
  43  4:21  Drone  
  43  4:23  Drone  
  47  4:29  Lair  
  47  4:34  Roach  
  47  4:36  Roach  
  51  4:39  Roach  
  51  4:40  Roach  
  51  4:44  Roach  
  57  4:49  Roach  
  57  4:51  Overlord  
  59  4:56  Overlord  
  59  5:02  Roach x3  
  59  5:03  Overlord  
  59  5:04  Drone  
  66  5:09  Drone  
  66  5:10  Drone x3  
  66  5:13  Drone  
  71  5:16  Drone x2  
  73  5:22  Drone x3  
  73  5:23  Drone, Extractor  
  73  5:25  Drone  
  77  5:29  Glial Reconstitution  
  77  5:32  Drone x2  
  79  5:36  Drone x3  
  82  5:43  Evolution Chamber  
  82  5:44  Drone  
  82  5:45  Overlord  
  82  5:46  Overlord  
  81  6:09  Roach x3  
  87  6:13  Zerg Ground Armor Level 1  
  87  6:14  Zergling x18  
  87  6:15  Zergling x2  
  87  6:17  Overlord x3  
  97  6:28  Overlord  
  97  6:29  Overseer  
  97  6:31  Overlord x2  
  97  6:38  Ravager x4  
  97  6:39  Overlord x2  
  101  6:40  Overlord  
  101  6:45  Hatchery  
  101  6:46  Roach x2  
  104  6:48  Zergling x8  
  108  7:01  Ravager  
  109  7:09  Zergling x22  
  109  7:10  Zergling x10  
  125  7:25  Ravager x3  
  125  7:29  Hatchery  
  129  7:30  Roach x2  
  131  7:39  Ravager  
  131  7:40  Zergling x16  
  139  8:03  Roach x4  
  139  8:04  Roach x2  
  139  8:08  Ravager  
  135  8:13  Roach x2  
  136  8:21  Ravager  
  136  8:23  Roach, Zergling x12  
  118  8:41  Ravager  
  118  8:42  Zergling x10  
  101  9:01  Zergling x2  
  101  9:02  Zergling x22  
  93  9:15  Zergling x8  
  90  9:22  Zergling x2  
  84  9:25  Overseer  
  84  9:26  Overseer, Zerg Melee Weapons Level 1  
  84  9:28  Roach x2  
  84  9:31  Roach x4  
  94  9:35  Roach  
  94  9:36  Hatchery  
  94  9:37  Zergling x2  
  95  9:57  Spore Crawler  
  95  9:58  Drone x9  
  97  10:05  Spore Crawler, Spine Crawler, Extractor x2  
  89  10:14  Drone x9  
  95  10:19  Pneumatized Carapace  
  95  10:20  Roach x3  
  103  10:30  Drone x2  
  103  10:31  Drone x3  
  107  10:37  Roach x3  
  113  10:44  Ravager x2  
  113  10:45  Zergling x18  
  113  10:49  Overlord  
  123  10:57  Ravager x2  
  123  11:01  Overlord, Extractor  
  123  11:02  Overlord  
  124  11:10  Extractor  
  120  11:27  Hydralisk Den  
  120  11:28  Drone x3  
  120  11:29  Drone x2, Extractor  
  109  12:10  Hydralisk x17, Muscular Augments  
  109  12:13  Zergling x12  
  149  12:26  Hydralisk x6  
  149  12:28  Zergling x2  
  158  12:30  Queen  
  158  12:31  Overlord  
  158  12:34  Roach x2  
  161  12:45  Hydralisk x4  
  167  12:54  Hydralisk x5  
  158  13:06  Hydralisk x5  
  158  13:08  Overlord  
  164  13:13  Overlord  
  122  13:31  Roach  
  122  13:32  Roach x12  
  134  13:35  Roach  
  134  13:40  Ravager x2  
  134  13:41  Ravager  
  139  13:42  Roach x2  
  143  13:49  Roach x6  
  143  13:50  Overlord  
  140  14:04  Hatchery  
  140  14:07  Hydralisk x8  
  121  14:15  Hydralisk x2  
  121  14:16  Hydralisk  
  114  14:17  Zergling x6  
  116  14:29  Extractor  
  116  14:31  Extractor  
  113  14:33  Hydralisk x2  
  113  14:34  Zergling x4  
Tags
 
Add a new tag
Caveats
  • Supply blocks, unpowered buildings, or Contaminate may cause inaccurate times.
  • Supply counts are checked every 10 seconds.